 Dungeon Crawl Stone Soup version 0.29-a0-356-g7bc237e783 (webtiles) character file.

Game seed: 11332169807613306290

58 Morbidden the Ruffian (level 3, -3/36 HPs)
             Began as a Troll Monk on Apr 26, 2022.
             Slain by a goblin
             ... wielding a +0 club
             ... led by Robin
              (6 damage)
             ... on level 2 of the Dungeon.
             The game lasted 00:01:32 (954 turns).

Morbidden the Ruffian (Troll Monk)                   Turns: 954, Time: 00:01:33

Health: -3/36      AC:  4    Str: 18 (21) XL:     3   Next: 76%
Magic:  2/2        EV: 10    Int:  5 (6)  God:
Gold:   70         SH:  0    Dex:  9 (12) Spells: 2/2 levels left

rFire   + . .      SeeInvis .     - Unarmed
rCold   + . .      Faith    .   (no shield)
rNeg    . . .      Spirit   .   a - +0 robe
rPois   +          Reflect  .   (helmet restricted)
rElec   +          Harm     .   (no cloak)
rCorr   +          Rampage  .   (gloves unavailable)
Will    .....                   (boots unavailable)
Stlth   +.........              f - amulet of magic regeneration
HPRegen 0.92/turn               (no ring)
MPRegen 0.48/turn               (no ring)

@: resistant
A: large, unfitting armour, claws 3, regeneration 1, shaggy fur 1, tough skin 1
a: no special abilities


You were on level 2 of the Dungeon.
You visited 1 branch of the dungeon, and saw 2 of its levels.

You collected 70 gold pieces.

Inventory:

Missiles
 j - 68 stones (quivered)
Armour
 a - a +0 robe (worn)
Jewellery
 f - an amulet of magic regeneration (around neck)
Scrolls
 d - 2 scrolls of teleportation {unknown}
 e - a scroll of fear {unknown}
 h - a scroll of summoning {unknown}
 k - a scroll of enchant weapon {unknown}
Potions
 l - a potion of mutation {unknown}


   Skills:
 * Level 2.6 Fighting
 * Level 2.9 Dodging
 + Level 1.1 Stealth
 * Level 3.8 Unarmed Combat
 * Level 0.3 Spellcasting


You had 2 spell levels left.
You didn't know any spells.
Your spell library was empty.

Dungeon Overview and Level Annotations

Branches:
Dungeon (2/15)

Altars:

Annotations:
D:2 Robin


Innate Abilities, Weirdness & Mutations

You are too large for most types of armour.
You have claws for hands.
Your natural rate of healing is unusually fast.
You are covered in fur. (AC +1)
You have tough skin. (AC +1)


Message History

You feel less confused. The goblin barely misses you.
The goblin hits you with a +0 club. Robin hits you but does no damage.
Unknown command.
You barely miss Robin.
Robin is moderately wounded.
The goblin hits you with a +0 club. x2
* * * LOW HITPOINT WARNING * * *
Robin throws the goblin at you!
Unknown command.
Unknown command.
Unknown command.
You scratch Robin.
Robin is heavily wounded.
The goblin hits you with a +0 club.
* * * LOW HITPOINT WARNING * * *
The goblin barely misses you. The goblin hits you with a +0 dagger.
* * * LOW HITPOINT WARNING * * *
Robin says, "Bow before me, strongest of all the hobgoblins!"
Robin hits you with a +0 club.
* * * LOW HITPOINT WARNING * * *
Unknown command.
You scratch the goblin.
The goblin is moderately wounded.
The goblin hits you with a +0 club.
* * * LOW HITPOINT WARNING * * *
The goblin hits you with a +0 club.
* * * LOW HITPOINT WARNING * * *
The goblin hits you with a +0 dagger.
* * * LOW HITPOINT WARNING * * *
It was a potion of magic.
Magic courses through your body. The goblin barely misses you.
The goblin hits you but does no damage. x2
Robin hits you with a +0 club.
* * * LOW HITPOINT WARNING * * *
Unknown command.
It was a potion of degeneration.
There was something very wrong with that liquid.
You feel weakened.
You feel dopey.
You feel clumsy. The goblin barely misses you.
The goblin hits you with a +0 club.
You die...

.# #.# ...# .## #.#
....# ..###.# ....#
...#.# #..# #.(.#
#####.##### #..#
#.........#
#.g####.........#
#)g@g##.........#
#)##g...........#
#...#####.........#
#(... ............#
#..............)..#
.(...............<#
..#..............†.#
#.##.......##.#######
.. #.......##.#


You could see Robin and 3 goblins.

Vanquished Creatures
  An adder (D:2)
  A dart slug (D:1)
  An endoplasm (D:1)
  2 giant cockroaches
  5 hobgoblins
  3 jackals (D:1)
  2 kobolds (D:1)
  3 quokkas
  5 ball pythons
  5 bats (D:1)
  10 goblins
  3 rats
41 creatures vanquished.

Notes
Turn   | Place    | Note
-------+----------+-------------------------------------------
     0 | D:1      | Morbidden the Troll Monk began the quest for the Orb.
     0 | D:1      | Reached XP level 1. HP: 22/22 MP: 0/0
   123 | D:1      | Reached XP level 2. HP: 29/29 MP: 1/1
   450 | D:1      | Reached XP level 3. HP: 36/36 MP: 2/2
   538 | D:1      | Found a faded altar of an unknown god.
   903 | D:2      | Noticed Robin
   954 | D:2      | Slain by a goblin

Illustrated notes

Levels and vault maps discovered:
D:1:      evilmike_arrival_hilbert_curve, layout_loops_ring,
          shapermc_ecumenical_altar_notcrosses
D:2:      layout_rooms, uniq_robin

Action                   || total
-------------------------++-------
Melee: Unarmed           ||   102
       Punch             ||     1
Throw: Stone             ||     8
  Use: Potion            ||     4
 Stab: Sleeping          ||     2
Armor: Robe              ||    53
Dodge: Dodged            ||    93

Table legend: (Time is in decaauts)
 A = Elapsed time spent in this place.
 B = Non-inter-level travel time spent in this place.
 C = Inter-level travel time spent in this place.
 D = Time resting spent in this place.
 E = Time spent auto-exploring this place.
 F = Levels seen in this place.
 G = Mean time per level.
                   A        B        C        D        E       F      G
               +--------+--------+--------+--------+--------+-----+--------+
         Total |    949 |    872 |     77 |      0 |    637 |   2 |  474.5 |
       Dungeon |    949 |    872 |     77 |      0 |    637 |   2 |  474.5 |
               +--------+--------+--------+--------+--------+-----+--------+

Top non-repeatable levels by time:
     D:1: 873 daAuts
     D:2: 75 daAuts
